 Dungeon Crawl Stone Soup version 0.17-a0-1914-gde4187c (webtiles) character file.

6710 Ijustatesigmund the Cleaver (level 11, -9/133 HPs)
             Began as a Hill Orc Fighter on Sept 26, 2015.
             Was an Elder of Beogh.
             Mangled by a 20-headed hydra (12 damage)
             ... on level 10 of the Dungeon.
             The game lasted 00:38:30 (8125 turns).

Ijustatesigmund the Cleaver (Hill Orc Fighter)      Turns: 8125, Time: 00:38:31

Health: -9/133     AC: 17    Str: 25    XL:     11   Next: 3%
Magic:  20/20      EV:  7    Int: 10    God:    Beogh [****..]
Gold:   431        SH: 12    Dex: 13    Spells: 0 memorised, 10 levels left

rFire  + . .     SeeInvis .     a - +1 war axe
rCold  . . .     Clarity  +     v - +4 scale mail {rF+}
rNeg   + + .     SustAt   .     c - +1 shield
rPois  .         Gourm    .     (no helmet)
rElec  .         Spirit   .     i - +2 cloak
rCorr  .         Warding  +     (no gloves)
rMut   .         Stasis   .     f - +1 pair of boots
MR     .....                    p - amulet of warding
Stlth  ..........               (no ring)
                                b - ring of positive energy

@: berserking (expiring), very slightly contaminated, invisible, very quick, not
resistant to hostile enchantments, extremely unstealthy
A: clarity, clever 1
a: Smiting, Recall Orcish Followers, Renounce Religion


You were on level 10 of the Dungeon.
You worshipped Beogh.
Beogh was greatly pleased with you.
You were not hungry.

You visited 1 branch of the dungeon, and saw 10 of its levels.

You collected 573 gold pieces.
You spent 142 gold pieces at shops.

Inventory:

Hand weapons
 a - a +1 war axe (weapon)
Armour
 c - a +1 shield (worn)
 f - a +1 pair of boots (worn)
 i - a +2 cloak (worn)
 v - a +4 scale mail of fire resistance (worn)
Jewellery
 b - a ring of positive energy (left hand)
 h - an uncursed ring of fire
 p - an amulet of warding (around neck)
 s - an uncursed ring of protection from magic {unknown}
Magical devices
 o - a wand of paralysis (23)
 q - a wand of fire (0)
 C - a wand of disintegration (15)
 F - a wand of random effects (25)
 G - a wand of random effects (22)
 K - a wand of digging (9)
 L - a wand of invisibility (5)
Scrolls
 j - 2 scrolls of amnesia
 t - 2 scrolls of remove curse
 B - 2 scrolls of blinking
Potions
 d - 2 potions of might
 g - 3 potions of curing
 k - 3 potions of flight
 l - 3 potions of ambrosia
 n - 2 potions of cancellation
 r - 4 potions of agility
 u - a potion of berserk rage
 z - 3 potions of lignification
 A - a potion of magic
Books
 w - a book of Changes

   Spells                             Type                      Level
   a - Beastly Appendage              Transmutation                1
   b - Sticks to Snakes               Transmutation                2
   c - Spider Form                    Transmutation/Poison         3
   d - Ice Form                       Ice/Transmutation            4
   e - Blade Hands                    Transmutation                5
 E - a book of the Sky

   Spells                             Type                      Level
   a - Summon Lightning Spire         Summoning/Air                4
   b - Airstrike                      Air                          4
   c - Silence                        Hexes/Air                    5
   d - Deflect Missiles               Charms/Air                   6
   e - Conjure Ball Lightning         Conjuration/Air              6
   f - Tornado                        Air                          9
Comestibles
 e - 6 bread rations
 m - 5 meat rations
 D - 6 slices of pizza
 H - 3 fruits
 I - 10 royal jellies


   Skills:
 - Level 6.1 Fighting
 + Level 14.5 Axes
 - Level 4.1 Armour
 - Level 4.1 Shields
 + Level 13.1 Invocations


You had 10 spell levels left.
You didn't know any spells.

Dungeon Overview and Level Annotations

Branches:
Dungeon (10/15)            Temple (0/1) D:6
   Lair: D:8-11         Orc: D:9-12

Altars:
Ashenzari
Gozag
Sif Muna
Trog
Xom

Shops:
D:4 [*!


Innate Abilities, Weirdness & Mutations

You possess an exceptional clarity of mind.
Your mind is acute. (Int +2)


Message History

The 18-headed hydra bites you but does no damage.
The 18-headed hydra barely misses you. The 18-headed hydra bites you.
* * * LOW HITPOINT WARNING * * *
You block the 18-headed hydra's attack.
The 18-headed hydra bites you but does no damage. x2
The 18-headed hydra barely misses you.
The 18-headed hydra bites you but does no damage.
You chop one of the 18-headed hydra's heads off!
The 17-headed hydra grows two more!
You slice the 19-headed hydra!!
The 19-headed hydra is almost dead.
You hit the crimson imp.
You kill the crimson imp!
Beogh accepts your kill.
You hack one of the 19-headed hydra's heads off!
The 18-headed hydra grows two more!
You slash the 20-headed hydra!
The 20-headed hydra is almost dead.
The 20-headed hydra bites you.
* * * LOW HITPOINT WARNING * * *
The 20-headed hydra bites you!
You die...

# ## .! .#
##.#####.#
.......[.#
##.##.#).#
#......@.#
#..###.D.#
.....#
#....##
#.##.# ..
..# ...
..# ..>
.##


You could see a 20-headed hydra.

Vanquished Creatures
  A gargoyle (D:7)
  A queen bee (D:9)
  A spriggan (D:8)
  A deep elf mage (D:7)
  2 sky beasts (D:7)
  3 hippogriffs
  A water moccasin (D:6)
  A phantom (D:5)
  3 black bears
  4 ice beasts
  An eye of draining (D:8)
  2 necrophages
  3 centaurs
  A crocodile (D:9)
  An ogre (D:7)
  2 big kobolds (D:5)
  5 giant frogs
  4 scorpions
  14 killer bees (D:9)
  7 wights
  A giant frog zombie (D:3)
  A centaur zombie (D:8)
  6 crimson imps
  4 giant frog skeletons
  3 jellies
  3 hounds
  7 orc wizards
  7 orc priests
  An iguana (D:5)
  9 worker ants
  A hell rat (D:10)
  5 gnolls (D:5)
  10 adders
  An ooze (D:6)
  An adder skeleton (D:5)
  2 worms (D:3)
  2 giant geckos
  16 orcs
  2 ball pythons
  8 bats
  35 hobgoblins
  10 jackals
  6 quokkas
  7 giant cockroaches
  A giant gecko skeleton (D:7)
  A giant gecko zombie (D:5)
  3 giant newts
  28 goblins
  8 kobolds
  A quokka zombie (D:5)
  11 rats
259 creatures vanquished.

Vanquished Creatures (collateral kills)
  A hungry ghost (D:7)
  13 killer bees
  A sky beast (D:9)
  2 phantoms
  A centaur (D:8)
  2 orc warriors
  A giant frog (D:8)
  2 wights
  A giant frog skeleton (D:6)
  A jelly (D:9)
  A hound (D:6)
  An orc priest (D:8)
  3 worker ants
  An iguana (D:6)
  2 shadow imps
  3 orcs
36 creatures vanquished.

Vanquished Creatures (others)
  An orc priest (D:9)
  3 orc warriors
  2 orc wizards
  9 orcs
15 creatures vanquished.

Grand Total: 310 creatures vanquished

Notes
Turn   | Place    | Note
--------------------------------------------------------------
     0 | D:1      | Ijustatesigmund the Hill Orc Fighter began the quest for the Orb.
     0 | D:1      | Reached XP level 1. HP: 19/19 MP: 1/1
   228 | D:1      | Reached XP level 2. HP: 27/27 MP: 2/2
   281 | D:1      | Gained mutation: Your mind is acute. (Int +2) [potion of beneficial mutation]
   566 | D:2      | Reached skill level 4 in Fighting
   566 | D:2      | Reached XP level 3. HP: 28/33 MP: 3/3
   982 | D:3      | Reached XP level 4. HP: 41/41 MP: 4/4
   993 | D:3      | Reached skill level 5 in Axes
  1134 | D:3      | Reached XP level 5. HP: 34/47 MP: 5/5
  1260 | D:3      | Found a faded altar to an unknown god.
  1431 | D:3      | Reached skill level 5 in Fighting
  1463 | D:3      | Reached skill level 6 in Axes
  1500 | D:3      | Found an opulent altar of Gozag.
  1663 | D:4      | Became a worshipper of Beogh the Brigand
  1688 | D:4      | Reached XP level 6. HP: 34/57 MP: 6/6
  1724 | D:4      | Found Vidgh's Distillery.
  1761 | D:4      | Gained mutation: You possess an exceptional clarity of mind. [potion of beneficial mutation]
  1764 | D:4      | Bought a potion of curing for 42 gold pieces
  1779 | D:4      | Found Oppis Goara's Antique Armour Shop.
  1784 | D:4      | Found Kutreose's Assorted Antiques.
  1816 | D:4      | Bought a runed scale mail for 100 gold pieces
  1915 | D:4      | Found a bloodstained altar of Trog.
  1915 | D:4      | Found a shattered altar of Ashenzari.
  2144 | D:5      | Entered Level 5 of the Dungeon
  2156 | D:5      | Reached skill level 1 in Invocations
  2170 | D:5      | Reached skill level 7 in Axes
  2204 | D:5      | Reached XP level 7. HP: 54/63 MP: 8/8
  2208 | D:5      | Acquired Beogh's first power
  2742 | D:5      | Reached skill level 8 in Axes
  2750 | D:5      | Found a shimmering altar of Xom.
  2777 | D:5      | Reached XP level 8. HP: 37/70 MP: 9/11
  2853 | D:5      | Found a glowing drain.
  2954 | D:5      | Reached skill level 5 in Invocations
  3127 | D:5      | Reached skill level 9 in Axes
  3193 | D:5      | Acquired Beogh's second power
  3370 | D:5      | Acquired Beogh's third power
  3910 | D:6      | Reached skill level 10 in Axes
  4009 | D:6      | Reached XP level 9. HP: 72/75 MP: 14/14
  4233 | D:6      | Found a staircase to the Ecumenical Temple.
  4472 | D:7      | Gained Milork as an ally
  4472 | D:7      | Reached skill level 11 in Axes
  4645 | D:7      | Noticed a gargoyle
  4657 | D:7      | Killed a gargoyle
  4924 | D:7      | Reached skill level 10 in Invocations
  4989 | D:7      | Reached skill level 12 in Axes
  5077 | D:7      | Acquired Beogh's fourth power
  5365 | D:7      | Reached XP level 10. HP: 83/83 MP: 16/18
  5511 | D:8      | Reached skill level 13 in Axes
  6525 | D:9      | Gained Milork as an ally
  6918 | D:9      | Reached skill level 14 in Axes
  7461 | D:9      | Found a deep blue altar of Sif Muna.
  7523 | D:9      | Reached XP level 11. HP: 86/89 MP: 20/20
  7705 | D:10     | Entered Level 10 of the Dungeon
  7705 | D:10     | Noticed a four-headed hydra
  7713 | D:10     | Your ally Milork died
  8123 | D:10     | HP: 5/133 [18-headed hydra (3)]
  8125 | D:10     | Mangled by a 20-headed hydra

Vault maps used:
D:1:      matt_arrival_refuge, minmay_misc_feat_doors, kennysheep_pointless_box
D:3:      first_bread, ecumenical_altar_1, hangedman_decor_points,
          nicolae_gozag_seed_capital
D:4:      nicolae_overflow_hidden_temple, gammafunk_temple_overflow_wave,
          serial_shops, nicolae_shop_crystal, nicolae_shop_trees, shop
D:5:      minmay_goblin_kobold_castle, lightli_sewer_entry_pipes,
          xom_teletrap_fun
D:6:      minmay_temple_entry_crystal_x, minmay_misc_feat_square
D:8:      grunt_pizzeria
D:9:      lemuel_doored_altar
D:10:     lemuel_slime, dpeg_lair_monsters, fountainhead, grunt_ministairs_8,
          fungi_pond_lemuel

Action                   |  1- 3 |  4- 6 |  7- 9 | 10-12 || total
-------------------------+-------+-------+-------+-------++-------
Melee: War axe           |   133 |   158 |   446 |   230 ||   967
Invok: Convert to Beogh  |       |     1 |       |       ||     1
       Smiting           |       |       |       |     4 ||     4
       Recall Orcish Fol |       |       |       |     1 ||     1
Evoke: Wand              |       |       |       |     2 ||     2
  Use: Scroll            |     6 |     9 |     4 |     7 ||    26
       Potion            |     1 |     1 |     1 |     4 ||     7
 Stab: Distracted        |       |       |     2 |     2 ||     4
       Invisible         |       |       |       |     6 ||     6
  Eat: Chunk             |       |     3 |     6 |     1 ||    10
       Beef jerky        |       |     1 |       |       ||     1
       Pizza             |       |       |     3 |     3 ||     6
       Fruit             |       |       |     3 |     1 ||     4
       Royal jelly       |       |       |       |     2 ||     2
